 Dungeon Crawl Stone Soup version 0.14-a0-987-gc8002fa (webtiles) character file.

1933 4tharraofdagon the Cleaver (level 8, -2/74 HPs)
             Began as a Deep Dwarf Fighter on Nov 21, 2013.
             Slain by an ice beast (8 damage)
             ... summoned by Fannar
             ... on Level 12 of the Dungeon.
             The game lasted 00:12:19 (1981 turns).

4tharraofdagon the Cleaver (Deep Dwarf Fighter)     Turns: 1981, Time: 00:12:19

HP  -2/74        AC 10     Str 27      XL: 8   Next: 80%
MP   7/7         EV  8     Int  9      God:
Gold 159         SH  0     Dex 12      Spells:  0 memorised,  7 levels left

Res.Fire  : . . .   See Invis. : .   k - -1,+2 orc battleaxe
Res.Cold  : . . .   Warding    : .   m - +3 orc chain mail
Life Prot.: . . .   Conserve   : .   (no shield)
Res.Poison: .       Res.Corr.  : .   (no helmet)
Res.Elec. : .       Clarity    : .   (no cloak)
Sust.Abil.: . .     Spirit.Shd : .   (no gloves)
Res.Mut.  : +       Stasis     : .   (no boots)
Res.Rott. : .       Flight     : .   u - amulet of resist mutation
Saprovore : . . .                    l - ring of flight
                                     y - cursed -3 ring of protection

@: non-regenerating, mighty, somewhat resistant to hostile enchantments,
extremely unstealthy
A: damage resistance, recharge devices, sense surroundings 1, slow healing 3
a: Device Recharging, Evoke Flight


You were on level 12 of the Dungeon.
You were not hungry.

You visited 2 branches of the dungeon, and saw 13 of its levels.

You collected 159 gold pieces.

Inventory:

Hand weapons
 a - a +0,+0 dwarven hand axe
 k - a -1,+2 orcish battleaxe (weapon)
 r - a -1,+1 orcish hand axe
 A - a +2,+0 battleaxe
Armour
 b - a +0 dwarven scale mail
 c - a +0 dwarven shield
 g - a +0 chain mail
 m - a +3 orcish chain mail (worn)
 p - a +0 plate armour
 w - a cursed -1 scale mail
Magical devices
 d - a wand of heal wounds (5)
 n - a wand of fireball (0)
Comestibles
 f - 4 bread rations
 h - a lychee
 q - a pear
 s - a snozzcumber
 v - a choko
 x - a rotting chunk of orc flesh
 C - 3 chunks of hippogriff flesh
Scrolls
 e - a scroll of enchant weapon II
 o - a scroll of immolation
 t - a scroll of enchant armour {unknown}
 B - a scroll of enchant weapon I {unknown}
 D - a scroll of silence {unknown}
 E - a scroll of teleportation
 F - a scroll of curse jewellery {unknown}
Jewellery
 l - a ring of flight (right hand)
 u - an amulet of resist mutation (around neck)
 y - a cursed -3 ring of protection (left hand)
Potions
 i - 3 potions of curing


   Skills:
 + Level 5.5 Fighting
 * Level 8.9 Axes
 + Level 6.8 Armour
   Level 3.2 Shields
 - Level 4.1 Evocations


You had 7 spell levels left.
You didn't know any spells.

Dungeon Overview and Level Annotations

Branches:
Dungeon (12/16)            Temple (1/1) D:5
    Orc: D:9-12        Lair: D:8-11

Altars:
Ashenzari
Cheibriados
Elyvilon
Fedhas
Kikubaaqudgha
Nemelex Xobeh
Okawaru
Sif Muna
Trog
Vehumet
Xom
Yredelemnul
Zin
the Shining One

Shops:
D:10 =

Portals:
Trove: D:12 (give +6,+6 demon blade)

Annotations:
D:4 ark's ghost, average TrEE
D:12 Fannar


Innate Abilities, Weirdness & Mutations

You are resistant to damage.
You can recharge devices by infusing magical energy.
You passively map a small area around you.
You do not heal naturally.


Message History

Fannar hits you but does no damage. The ice beast barely misses you.
The ice beast barely misses you. The ice beast completely misses you.
The ice beast hits you but does no damage.
Unknown command.
Evoke which item? (* to show all) (? for menu, Esc to quit)
This wand has no charges.
Unknown command.
Use which ability? (? or * to list) Charge which item? (? for menu, Esc to quit)
Your wand of heal wounds (0) glows for a moment and now has 5 charges.
The ice beast hits you but does no damage.
Fannar casts a spell at you. The bolt of cold hits you!
* * * LOW HITPOINT WARNING * * *
The bolt of cold hits the ice beast.
The ice beast completely resists.
The bolt of cold hits the yak skeleton.
The yak skeleton resists.
The ice beast hits you.
* * * LOW HITPOINT WARNING * * *
The ice beast freezes you!
You die...

##### ##...> ,,
###....# * *
.....8..# ,
#..8.8.# *
#8.∩.8######
#.8.8......#
#II8..####.#
#e@IZ.# #.#
###I### #.# ###* *
**#.# #.# #.. ,
.(. #.# #.# * *
##.%# #.# #.# ,
,,,
...#*###.####.###
***....
#..........# *
.....#....%.#.#.#
#.................


You could see Fannar, 4 ice beasts and a yak skeleton.

Vanquished Creatures
  A wyvern (D:12)
  A hippogriff (D:12)
  2 orc warriors (D:7)
  A black bear (D:7)
  An ice beast (D:7)
  2 ogres (D:6)
  A yellow wasp (D:8)
  A centaur (D:6)
  4 giant frogs
  A wyvern skeleton (D:8)
  A crimson imp (D:12)
  3 orc priests
  3 orc wizards
  4 worker ants
  4 gnolls (D:6)
  6 adders
  A worm (D:7)
  An adder zombie (D:7)
  An iguana zombie (D:6)
  A giant eyeball (D:7)
  3 giant geckos
  An ooze (D:4)
  8 orcs
  3 giant cockroaches (D:3)
  4 goblins
  8 hobgoblins
  3 jackals
  5 kobolds
  5 quokkas
  5 bats
  2 giant newts
  5 rats
92 creatures vanquished.

Notes
Turn   | Place    | Note
--------------------------------------------------------------
     0 | D:1      | 4tharraofdagon, the Deep Dwarf Fighter, began the quest for the Orb.
     0 | D:1      | Reached XP level 1. HP: 21/21 MP: 0/0
   118 | D:3      | Reached XP level 2. HP: 16/28 MP: 1/1
   118 | D:3      | Reached skill level 1 in Evocations
   126 | D:3      | Reached XP level 3. HP: 20/36 MP: 2/2
   179 | D:3      | Found a shattered altar of Ashenzari.
   277 | D:3      | Found an ancient bone altar of Kikubaaqudgha.
   345 | D:4      | Reached XP level 4. HP: 21/43 MP: 4/4
   356 | D:4      | Found a shimmering altar of Xom.
   416 | D:4      | Noticed ark's ghost (average TrEE)
   444 | D:5      | Entered Level 5 of the Dungeon
   515 | D:6      | Noticed a giant frog
   516 | D:6      | Noticed a giant frog
   534 | D:5      | Killed a giant frog
   534 | D:5      | Reached skill level 4 in Axes
   534 | D:5      | Reached XP level 5. HP: 36/50 MP: 4/6
   540 | D:5      | Killed a giant frog
   594 | D:6      | Noticed an ogre
   594 | D:6      | Noticed a giant frog
   608 | D:6      | Killed an ogre
   608 | D:6      | Reached XP level 6. HP: 13/57 MP: 8/8
   611 | D:6      | Killed a giant frog
   611 | D:6      | Reached skill level 5 in Axes
   616 | D:6      | Noticed a phantom
   777 | D:7      | Reached XP level 7. HP: 27/64 MP: 10/10
   785 | D:7      | Reached skill level 5 in Armour
   848 | D:7      | Found a bloodstained altar of Trog.
   848 | D:7      | Noticed a wizard
   950 | D:7      | Paralysed by a giant eyeball for 3 turns
  1012 | D:7      | Reached skill level 6 in Axes
  1124 | D:6      | Noticed an ogre
  1126 | D:6      | Killed an ogre
  1139 | D:6      | Noticed a centaur
  1147 | D:6      | Killed a centaur
  1233 | D:6      | Reached skill level 7 in Axes
  1354 | D:7      | Reached XP level 8. HP: 49/73 MP: 10/10
  1363 | D:7      | Reached skill level 5 in Fighting
  1458 | D:5      | Reached skill level 8 in Axes
  1576 | D:5      | Found a staircase to the Ecumenical Temple.
  1582 | Temple   | Entered the Ecumenical Temple
  1812 | D:10     | Entered Level 10 of the Dungeon
  1836 | D:10     | Found Musaucau's Jewellery Shoppe.
  1895 | D:12     | Noticed a slime creature
  1896 | D:12     | Noticed a slime creature
  1924 | D:12     | HP: 3/74 [wyvern (7)]
  1957 | D:12     | Found a portal to a secret trove of treasure.
  1961 | D:12     | Noticed Fannar
  1981 | D:12     | Slain by an ice beast

Action                   |  1- 3 |  4- 6 |  7- 9 || total
-------------------------+-------+-------+-------++-------
Melee: Hand axe          |    70 |    87 |    41 ||   198
       Battleaxe         |       |       |   122 ||   122
 Abil: Device Recharging |       |       |     5 ||     5
Evoke: Wand              |       |     8 |    20 ||    28
  Use: Potion            |       |     2 |     1 ||     3
       Scroll            |       |     1 |    10 ||    11
